 Dungeon Crawl Stone Soup version 0.25-a0-927-g39f137c (webtiles) character file.

Game seed: 3622009832859778522, levelgen mode: deterministic

140469 DrEnzyme the Unseen (level 16, -11/73 HPs)
             Began as a Spriggan Wanderer on Apr 30, 2020.
             Was the Champion of Wu Jian.
             Killed from afar by Frances (36 damage)
             ... with a shard of ice
             ... on level 1 of the Swamp on May 3, 2020.
             The game lasted 03:17:29 (53315 turns).

DrEnzyme the Unseen (Spriggan Wanderer)            Turns: 53315, Time: 03:17:30

Health: -11/73     AC:  8    Str:  9    XL:     16   Next: 76%
Magic:  19/36      EV: 31    Int: 19    God:    Wu Jian [******]
Gold:   437        SH:  0    Dex: 18    Spells: 21/45 levels left

rFire    + . .     SeeInvis +   a - +3 rapier "Worm" {elec, rPois rF+ rC+ Str-3}
rCold    + + +     Gourm    .   (shield restricted)
rNeg     + + +     Faith    .   o - +0 troll leather armour
rPois    +         Spirit   .   q - +0 hat "Giecryal" {rF- rN++ MR+ SInv}
rElec    +         Reflect  .   Y - +2 cloak "Diamoe" {rC+ Dex+5}
rCorr    .         Harm     .   (gloves unavailable)
MR       ++++.                  (boots unavailable)
Stlth    ++++++++..             M - macabre finger necklace {rN+}
HPRegen  0.62/turn              i - ring of Dooz {+Fly rElec Int+3 Stlth+}
MPRegen  0.25/turn              W - ring "Daercho" {rElec rF+ AC+1 Dex-3 SInv}
                                R - ring of protection from magic

@: very slightly contaminated, very quick
A: very small, unfitting armour, talons 1, see invisible, cold resistance 1,
herbivore, speed 3, slow metabolism 2, subdued magic 1
a: Wall Jump, Serpent's Lash, Heavenly Storm, Renounce Religion, Evoke Flight


You were on level 1 of the Swamp.
You worshipped Wu Jian.
Wu Jian was exalted by your worship.
You were not hungry.

You visited 6 branches of the dungeon, and saw 27 of its levels.
You also visited: Ice Cave.

You collected 2256 gold pieces.
You spent 1819 gold pieces at shops.

Inventory:

Hand Weapons
 a - the +3 rapier "Worm" (weapon) {elec, rPois rF+ rC+ Str-3}
   (You found it on level 1 of the Lair of Beasts)

   Occasionally, upon striking a foe, it will discharge some electrical energy
   and cause terrible harm.
   It affects your strength (-3).
   It protects you from fire.
   It protects you from cold.
   It protects you from poison.
 b - the +1 hunting sling "Qomof" {speed, rPois MP+9}
   (You found it on level 6 of the Dungeon)

   Attacks with this weapon are significantly faster.
   It protects you from poison.
   It affects your magic capacity (+9).
 d - the cursed +0 broad axe of Revolt {elec, rF+ rN++, unknown}
   (You found it in an ice cave)

   Occasionally, upon striking a foe, it will discharge some electrical energy
   and cause terrible harm.
   It protects you from fire.
   It greatly protects you from negative energy.
   It has a curse placed upon it.
Missiles
 H - 165 stones
 N - 3 sling bullets
 O - 32 poisoned darts (quivered)
Armour
 o - a +0 troll leather armour (worn)
 q - the +0 hat "Giecryal" (worn) {rF- rN++ MR+ SInv}
   (You found it in an ice cave)

   It makes you vulnerable to fire.
   It greatly protects you from negative energy.
   It affects your resistance to hostile enchantments.
   It lets you see invisible.
 G - a +0 buckler
 K - +0 swamp dragon scales
 Y - the +2 cloak "Diamoe" (worn) {rC+ Dex+5}
   (You found it on level 6 of the Lair of Beasts)

   It affects your dexterity (+5).
   It protects you from cold.
Jewellery
 g - a +4 ring of intelligence
 i - the ring of Dooz (left hand) {+Fly rElec Int+3 Stlth+}
   (You acquired it on level 1 of the Spider Nest)

   [ring of flight]

   It affects your intelligence (+3).
   It insulates you from electricity.
   It lets you fly.
   It makes you more stealthy.
 n - an uncursed ring of resist corrosion
 A - the ring of Scepticism {rPois rN++ MR- Stlth+}
   (You found it on level 6 of the Lair of Beasts)

   [ring of stealth]

   It protects you from poison.
   It greatly protects you from negative energy.
   It affects your resistance to hostile enchantments.
   It makes you more stealthy.
 M - the macabre finger necklace (around neck) {rN+}
   (You found it on level 10 of the Dungeon)

   [amulet of nothing]

   It protects you from negative energy.
 R - a ring of protection from magic (on amulet)
 W - the ring "Daercho" (right hand) {rElec rF+ AC+1 Dex-3 SInv}
   (You found it on level 12 of the Dungeon)

   [ring of protection]

   It affects your AC (+1).
   It affects your dexterity (-3).
   It protects you from fire.
   It insulates you from electricity.
   It lets you see invisible.
Wands
 k - a wand of digging (5)
 l - a wand of iceblast (34)
 m - a wand of acid (2)
 z - a wand of paralysis (16)
 C - a wand of flame (23)
 Z - a wand of polymorph (8)
Scrolls
 c - 11 scrolls of teleportation
 j - a scroll of fear
 s - 9 scrolls of amnesia
 t - 5 scrolls of remove curse
 u - 3 scrolls of magic mapping
 x - a scroll of blinking
 y - 6 scrolls of enchant weapon
 U - a scroll of enchant armour
 X - 2 scrolls of summoning {unknown}
Potions
 e - 2 potions of invisibility
 h - 5 potions of curing
 r - 3 potions of haste
 v - 2 potions of might
 w - 3 potions of magic
 B - 4 potions of lignification
 D - 6 potions of brilliance
 E - a potion of stabbing
 F - 2 potions of mutation
 T - a potion of resistance
 V - a potion of cancellation
Miscellaneous
 p - a box of beasts
 I - a phantom mirror
 J - a lightning rod (4/4)
 S - a phial of floods
Comestibles
 f - 21 rations


   Skills:
 - Level 3.6 Fighting
 * Level 13.2(13.7) Short Blades
   Level 5.0(8.5) Long Blades
 + Level 15.8 Slings
 * Level 16.5 Dodging
 * Level 18.7 Stealth
 * Level 3.8 Shields
 * Level 15.0 Spellcasting
 + Level 5.1 Hexes
 + Level 2.3 Transmutations


You had 21 spell levels left.
You knew the following spells:

 Your Spells              Type           Power        Failure   Level  Hunger
a - Confusing Touch       Hex            ####....     1%          3    None
b - Corona                Hex            ####...      1%          1    None
c - Ensorcelled Hibernat  Hex/Ice        ###...       2%          2    None
d - Petrify               Tmut/Erth      ##......     32%         4    None
e - Poisonous Vapours     Pois/Air       ##....       8%          2    None
f - Tukima's Dance        Hex            ####....     1%          3    None
g - Ozocubu's Armour      Chrm/Ice       ##......     16%         3    None
h - Frozen Ramparts       Ice            ##....       16%         3    None
i - Mephitic Cloud        Conj/Pois/Air  ##......     16%         3    None

Your spell library contained the following spells:

 Spells                   Type           Power        Failure   Level  Hunger
 Foxfire                  Conj/Fire      ##..         4%          1    None
 Freeze                   Ice            ##..         4%          1    None
 Summon Small Mammal      Summ           ##..         4%          1    None
 Dazzling Flash           Conj/Hex       ###...       5%          3    None
 Inner Flame              Hex/Fire       ###.....     5%          3    None
 Corpse Rot               Necr/Air       N/A          8%          2    None
 Sublimation of Blood     Necr           ##........   8%          2    None
 Ignite Poison            Fire/Tmut/Pois ##......     12%         3    None
 Conjure Flame            Conj/Fire      ##......     16%         3    None
 Gell's Gravitas          Tloc           ##........   16%         3    None
 Recall                   Summ/Tloc      N/A          16%         3    None
 Yara's Violent Unravell  Hex/Tmut       ###.......   32%         5    ###....
 Animate Dead             Necr           N/A          47%         4    None
 Dispel Undead            Necr           ##......     47%         4    None
 Hailstorm                Conj/Ice       ##......     47%         4    None
 Iskenderun's Mystic Bla  Conj/Tloc      ##......     47%         4    None
 Sticky Flame             Conj/Fire      ##......     47%         4    None
 Summon Ice Beast         Ice/Summ       ##......     47%         4    None
 Metabolic Englaciation   Hex/Ice        ###.......   47%         5    ###....
 Agony                    Necr           ##......     83%         5    ###....
 Borgnjor's Vile Clutch   Necr/Erth      ##........   83%         5    ###....
 Excruciating Wounds      Chrm/Necr      ##........   83%         5    ###....
 Fireball                 Conj/Fire      ##........   83%         5    ###....
 Death Channel            Necr           ##........   100%        6    #####..
 Freezing Cloud           Conj/Ice/Air   ##........   100%        6    #####..
 Simulacrum               Ice/Necr       ##........   100%        6    #####..
 Starburst                Conj/Fire      ##........   100%        6    #####..
 Ring of Flames           Chrm/Fire      ##........   100%        7    ######.
 Ignition                 Fire           ##........   100%        8    #######


Dungeon Overview and Level Annotations

Branches:
Dungeon (13/15)            Temple (0/1) D:7            Lair (6/6) D:10
  Swamp (2/4) Lair:3       Spider (3/4) Lair:4        Slime (0/5) Lair:6
    Orc (2/2) D:11            Elf (1/3) Orc:2         IceCv (visited)
 Vaults: D:13-14

Altars:
Cheibriados
Dithmenos
Fedhas
Gozag
Hepliaklqana
Kikubaaqudgha
Makhleb
Qazlal
Sif Muna
Trog
Vehumet
Wu Jian
Xom
Yredelemnul
Zin
Beogh

Shops:
D:5 %   D:6 }%?%!   D:9 }   D:12 [   D:13 %   Orc:2 (*(%

Portals:
Trove: D:12 (give +6 demon trident)

Annotations:
D:5 1 runed translucent door, Crazy Yiuf
D:9 exclusion: door
D:10 exclusions: cyclops and troll
Lair:1 exclusion: 2 oklob plants
Lair:5 exclusion: downstairs
Lair:6 1 runed translucent door, thesequoiad's ghost, journeyman BaIE
Swamp:1 exclusions: tyrant leech and very ugly thing, Frances
Spider:2 exclusion: 2 downstairs
Spider:3 Jorgrun; Louise


Innate Abilities, Weirdness & Mutations

You are very small and have problems with some larger weapons.
You are too small for most types of armour.
You have supernaturally acute eyesight. (SInv)
You are a herbivore.
You cover ground extremely quickly.
You need to consume almost no food.
You have sharp toenails.
Your flesh is cold resistant. (rC+)
Your spells are a little easier to cast, but a little less powerful.


Message History

Frances chants phrases taken from a devil's mouth.
The shard of ice hits you!! You partially resist.
* * * LOW HITPOINT WARNING * * *
You feel better.
Frances chants phrases taken from a devil's mouth.
The iron shot misses you.
You feel better.
Frances chants phrases taken from a devil's mouth.
Casting: Poisonous Vapours (safe; 8% risk of failure)
Confirm with . or Enter, or press ? or * to list all spells.
Aiming: Poisonous Vapours (safe; 8% risk of failure)
Press: ? - help, Dir - move target cursor, f/p - Frances
Aim: Frances, wielding a +0 flail and wearing a +0 scale mail (almost dead, fast, very poisoned) Poisonous vapours surround Frances!
Frances is engulfed in poison gas.
Frances looks as sick as possible!
Frances whispers indecipherable words.
Frances is engulfed in poison gas.
Frances looks as sick as possible!
Frances chants phrases taken from a devil's mouth.
The shard of ice hits you!!! You partially resist.
You die...

.♣ ♣..♣♣≈≈≈.≈≈...≈..≈≈.♣
≈♣♣♣♣♣♣♣♣♣♣[..≈≈≈.≈≈.....♣♣
.......♣♣♣♣♣♣.≈≈.≈♣..♣♣♣♣♣
.....≈≈≈≈≈.≈♣>......♣...♣
...≈≈≈≈≈....♣≈.3.≈.≈♣...♣
♣.≈≈≈≈≈≈.♣≈≈≈.≈≈.4.♣♣♣..♣
♣≈≈≈≈≈≈≈.≈≈≈.♣..@4≈..♣§♣♣
♣♣......≈♣...♣≈..≈≈≈.≈≈♣
≈♣♣♣♣♣♣♣♣♣....♣.@≈≈.≈♣♣♣
≈.≈♣ ♣≈≈≈..≈..≈≈.♣♣ ≈≈.♣
♣...♣♣≈)..≈.≈♣
≈≈.♣♣♣♣♣♣.≈..≈......♣♣
≈≈≈≈.♣♣≈≈....♣≈≈≈..≈♣
≈≈≈≈...≈≈.♣♣♣≈≈≈≈..≈♣♣♣♣
≈§.≈..≈≈.....≈.≈≈......♣
≈.≈♣♣.[..≈≈≈.≈≈≈≈≈.≈..≈♣
.≈♣♣♣≈...≈≈...≈≈≈≈.♣♣♣♣♣


You could see Frances, a hellwing, a ynoxinul and a chaos spawn.

Vanquished Creatures
  An Ice Fiend (IceCv)
  4 entropy weavers
  A stone giant (D:11)
  A deep elf annihilator (Elf:1)
  A spark wasp (Spider:2)
  3 hydras
  A merfolk avatar (Lair:6)
  2 centaur warriors
  6 two-headed ogres
  A queen ant (Lair:2)
  2 alligators (Swamp:2)
  A dancing weapon (Elf:1)
  Urug (Lair:6)
  An ogre mage (Orc:1)
  5 orc high priests
  8 deep elf knights
  2 unseen horrors
  3 swamp dragons
  An obsidian statue (Elf:1)
  A deep elf archer (Elf:1)
  4 orb spiders
  3 orc knights (Orc:1)
  6 wolf spiders
  29 deep elf magi
  A harpy (Lair:6)
  2 orc sorcerers
  A manticore (D:11)
  5 black mambas
  21 elephants
  2 ice statues
  3 kobold demonologists
  18 spiny frogs
  7 ice devils (IceCv)
  7 rime drakes
  11 komodo dragons
  2 anaconda simulacra (IceCv)
  4 freezing wraiths (IceCv)
  7 trolls
  4 demonic crawlers
  7 polar bears
  9 jumping spiders
  A wind drake (Lair:5)
  4 hornets
  5 tyrant leeches
  5 bog bodies
  5 hippogriffs
  12 blink frogs
  Sigmund (D:4)
  14 tarantellas
  4 wyverns
  28 yaks
  4 air elementals (Elf:1)
  4 dire elephant simulacra (IceCv)
  27 redbacks
  5 basilisks
  4 hungry ghosts
  2 steam dragons
  2 vampire mosquitoes (Swamp:1)
  3 iron troll simulacra (IceCv)
  2 harpy simulacra (IceCv)
  9 insubstantial wisps
  4 soldier ants (Lair:2)
  2 wargs (Orc:1)
  9 swamp worms
  8 water moccasins
  An acid dragon (D:11)
  4 hydra simulacra (IceCv)
  26 orc warriors
  8 porcupines
  3 sky beasts
  4 ettin simulacra (IceCv)
  5 ice beasts
  3 black bears
  2 swamp drakes
  10 wolves
  3 necrophages
  13 ogres
  A phantom (D:7)
  10 centaurs
  14 crocodiles
  5 big kobolds
  A gnoll sergeant (D:9)
  11 bullfrogs
  An earth elemental (Orc:2)
  A wyvern zombie (D:10)
  A water moccasin zombie (D:6)
  4 scorpions
  12 killer bees
  An elephant simulacrum (IceCv)
  12 wights
  A howler monkey (D:11)
  5 electric eels
  7 crimson imps
  2 bullfrog zombies
  2 quasits
  2 centaur zombies
  3 draconian simulacra (IceCv)
  2 hounds
  4 jellies
  26 orc wizards
  3 bullfrog skeletons
  27 orc priests
  A centaur skeleton (D:7)
  3 iguanas
  2 spriggan simulacra (IceCv)
  2 troll simulacra (IceCv)
  27 worker ants
  A centaur simulacrum (IceCv)
  2 hound skeletons
  10 gnolls
  12 adders
  2 ogre simulacra (IceCv)
  4 naga simulacra (IceCv)
  A shadow imp (D:9)
  7 white imps (IceCv)
  5 ufetubi (IceCv)
  3 oozes
  An adder skeleton (D:8)
  A worm (D:3)
  6 leopard geckos
  82 orcs
  A ball python (D:5)
  4 giant cockroaches
  6 goblins
  5 hobgoblins
  13 jackals
  13 kobolds
  7 quokkas
  5 bats
  6 frilled lizards
  5 rats
  A spectral orc (D:2)
  A fire vortex (Lair:4)
  3 fungi
  A plant (Lair:6)
846 creatures vanquished.

Vanquished Creatures (collateral kills)
  A two-headed ogre (D:13)
  A deep elf mage (Elf:1)
  A komodo dragon (D:10)
  A soldier ant (Lair:2)
  3 orc warriors
  2 ogres (Orc:1)
  2 orc priests (Orc:2)
  An orc wizard (D:8)
  2 worker ants (Lair:2)
  An orc (Orc:1)
15 creatures vanquished.

Vanquished Creatures (others)
  9 dancing weapons
  A worker ant (Lair:2)
  14 fungi
  38 plants
62 creatures vanquished.

Grand Total: 923 creatures vanquished

Notes
Turn   | Place    | Note
-------+----------+-------------------------------------------
     0 | D:1      | DrEnzyme the Spriggan Wanderer began the quest for the Orb.
     0 | D:1      | DrEnzyme set off with the following items: a +2 falchion, a
                  | potion of lignification, a scroll of teleportation, a +0
                  | robe, a +0 dagger, a ration
     0 | D:1      | Reached XP level 1. HP: 10/10 MP: 2/2
    43 | D:1      | Reached skill level 5 in Dodging
   141 | D:1      | Reached XP level 2. HP: 12/14 MP: 3/3
   339 | D:1      | Reached skill level 5 in Stealth
   552 | D:1      | Reached XP level 3. HP: 14/18 MP: 4/4
  1333 | D:2      | Found a basalt altar of Yredelemnul.
  1488 | D:2      | Reached XP level 4. HP: 23/23 MP: 5/5
  2013 | D:3      | Found a faded altar of an unknown god.
  2097 | D:3      | Found a hazy altar of Hepliaklqana.
  2098 | D:3      | Found a shadowy altar of Dithmenos.
  2098 | D:3      | Noticed a shadow
  2820 | D:4      | Reached skill level 6 in Stealth
  2820 | D:4      | Reached XP level 5. HP: 12/26 MP: 6/6
  3048 | D:4      | Noticed Sigmund
  3163 | D:4      | Noticed a phantom
  3725 | D:5      | Entered Level 5 of the Dungeon
  3864 | D:5      | Found Fosham's Food Shop.
  4104 | D:5      | Noticed an ice beast
  4149 | D:5      | Found a glowing silver altar of Zin.
  4186 | D:5      | Reached XP level 6. HP: 31/31 MP: 7/7
  4773 | D:6      | Found Raucy's Magic Scroll Shop.
  4775 | D:6      | Found Qiqy's Food Shoppe.
  4776 | D:6      | Found Amnap's Gadget Boutique.
  4879 | D:6      | Bought a scroll of remove curse for 33 gold pieces
  4879 | D:6      | Bought a scroll of enchant weapon for 82 gold pieces
  5180 | D:5      | Learned a level 3 spell: Confusing Touch
  6120 | D:6      | Reached XP level 7. HP: 26/35 MP: 7/9
  6221 | D:6      | Got a faintly glowing hunting sling
  6250 | D:6      | Learned a level 1 spell: Corona
  6275 | D:6      | Bought a scroll of identify for 22 gold pieces
  6275 | D:6      | Identified the +1 hunting sling "Qomof" {speed, rPois MP+9}
                  | (You found it on level 6 of the Dungeon)
  6376 | D:6      | Reached skill level 1 in Spellcasting
  6552 | D:6      | Reached skill level 7 in Stealth
  6626 | D:6      | Reached skill level 1 in Hexes
  7055 | D:6      | Found a bloodstained altar of Trog.
  7055 | D:6      | Found a radiant altar of Vehumet.
  7057 | D:6      | Found an ancient bone altar of Kikubaaqudgha.
  7057 | D:6      | Found a shimmering blue altar of Sif Muna.
  7060 | D:6      | Found an ornate altar of the Wu Jian Council.
  7088 | D:6      | Became a worshipper of the Wu Jian Council
  7263 | D:6      | Found Sufahac's Food Shoppe.
  7311 | D:6      | Reached XP level 8. HP: 24/40 MP: 12/12
  7563 | D:6      | Reached skill level 5 in Long Blades
  7843 | D:6      | Reached skill level 1 in Slings
  7967 | D:6      | Found Sugaukip's Distillery.
  7973 | D:6      | Bought a potion of mutation for 112 gold pieces
  8047 | D:6      | Reached skill level 8 in Stealth
  8250 | D:6      | Reached * piety under Wu Jian
  8692 | D:7      | Found a hazy altar of Hepliaklqana.
  8838 | D:7      | Reached skill level 5 in Slings
  8973 | D:7      | Reached XP level 9. HP: 44/44 MP: 16/16
  9115 | D:4      | You fall into a shaft and drop 2 floors!
  9432 | D:5      | Found a runed translucent door.
  9433 | D:5      | Noticed Crazy Yiuf
  9601 | D:7      | Found a staircase to the Ecumenical Temple.
  9814 | D:7      | Reached skill level 9 in Stealth
 10785 | D:7      | Reached skill level 5 in Spellcasting
 11220 | D:8      | Reached ** piety under Wu Jian
 11449 | D:8      | Noticed a two-headed ogre
 11953 | D:8      | Reached skill level 10 in Stealth
 12052 | D:8      | Killed a two-headed ogre
 12052 | D:8      | Reached XP level 10. HP: 49/49 MP: 19/19
 12494 | D:9      | Found Lyeg Gehoa's Gadget Emporium.
 12758 | D:8      | Reached skill level 10 in Slings
 13074 | D:8      | Reached skill level 10 in Dodging
 13851 | D:9      | Found an opulent altar of Gozag.
 13914 | D:9      | Found a shimmering altar of Xom.
 13914 | D:9      | Found a burning altar of Makhleb.
 14380 | D:10     | Entered Level 10 of the Dungeon
 14397 | D:10     | Noticed an unseen horror
 14425 | D:10     | Killed an unseen horror
 14425 | D:10     | Reached skill level 11 in Stealth
 14667 | D:10     | Identified the +2 scythe "Ihiarhec" {venom, Dex+5}
 14671 | D:10     | Found the macabre finger necklace {rN+}
 14721 | D:10     | Noticed a centaur warrior
 14913 | D:10     | Reached *** piety under Wu Jian
 15639 | D:10     | Reached XP level 11. HP: 52/52 MP: 22/22
 15807 | D:10     | Noticed an unseen horror
 15866 | D:9      | Killed an unseen horror
 16527 | D:10     | Noticed a two-headed ogre
 16714 | D:10     | Noticed a two-headed ogre
 16757 | D:10     | Killed a two-headed ogre
 16814 | D:10     | Found a staircase to the Lair.
 16843 | D:10     | Killed a centaur warrior
 17751 | D:11     | Found a roughly hewn altar of Beogh.
 17751 | D:11     | Found a staircase to the Orcish Mines.
 18161 | D:11     | Reached skill level 12 in Stealth
 18562 | D:11     | Reached **** piety under Wu Jian
 18779 | D:11     | Found a blossoming altar of Fedhas.
 18920 | Lair:1   | Entered Level 1 of the Lair of Beasts
 19272 | Lair:1   | Got an iridescent rapier
 19285 | Lair:1   | Identified the +3 rapier "Worm" {elec, rPois rF+ rC+ Str-3}
                  | (You found it on level 1 of the Lair of Beasts)
 20231 | Lair:1   | Reached skill level 1 in Short Blades
 20769 | Lair:1   | Noticed an oklob plant
 20769 | Lair:1   | Noticed an oklob plant
 20769 | Lair:1   | Noticed an oklob plant
 21148 | Lair:2   | Noticed a catoblepas
 21642 | Lair:2   | Learned a level 2 spell: Ensorcelled Hibernation
 21804 | Lair:2   | Reached skill level 13 in Stealth
 21879 | Lair:2   | Reached XP level 12. HP: 48/57 MP: 25/25
 22009 | Lair:2   | Noticed a six-headed hydra
 22062 | Lair:2   | Killed a six-headed hydra
 25346 | Lair:4   | Found a hole to the Spider Nest.
 25364 | Lair:4   | Got an ancient quarterstaff
 25913 | Lair:4   | Reached ***** piety under Wu Jian
 25971 | Lair:4   | Reached skill level 14 in Stealth
 26683 | Lair:4   | Learned a level 4 spell: Petrify
 27024 | Lair:4   | Reached skill level 15 in Slings
 27348 | Lair:4   | Reached skill level 5 in Short Blades
 27714 | Lair:4   | Reached XP level 13. HP: 54/60 MP: 27/27
 27861 | Lair:4   | Reached skill level 10 in Spellcasting
 28901 | Lair:6   | Entered Level 6 of the Lair of Beasts
 29621 | Lair:6   | Found a hazy altar of Hepliaklqana.
 29985 | D:6      | Bought 2 potions of mutation for 224 gold pieces
 29985 | D:6      | Bought a potion of heal wounds for 70 gold pieces
 29985 | D:6      | Bought a potion of heal wounds for 70 gold pieces
 29985 | D:6      | Bought a potion of curing for 42 gold pieces
 29985 | D:6      | Gained mutation: Your spells are a little easier to cast,
                  | but a little less powerful. [potion of mutation]
 29985 | D:6      | Gained mutation: Your flesh is cold resistant. (rC+)
                  | [potion of mutation]
 29985 | D:6      | Gained mutation: You have sharp toenails. [potion of
                  | mutation]
 29997 | D:6      | Learned a level 2 spell: Poisonous Vapours
 30848 | D:11     | Identified the cursed +1 quarterstaff of Honesty {vorpal,
                  | *Rage rElec rN+ Str+5} (You found it on level 4 of the Lair
                  | of Beasts)
 30852 | D:11     | Reached skill level 15 in Stealth
 30852 | D:11     | Reached XP level 14. HP: 65/65 MP: 29/29
 30923 | Orc:1    | Entered Level 1 of the Orcish Mines
 30948 | Orc:1    | Noticed a stone giant
 30987 | D:11     | HP: 1/65 [orc priest/divine providence[an orc high priest]
                  | (10)]
 31221 | D:12     | Found a stormy altar of Qazlal.
 31346 | D:12     | Found a portal to a secret trove of treasure.
 31413 | D:12     | Identified the +2 dagger of Tension {speed, rC+} (You found
                  | it on level 12 of the Dungeon)
 31549 | D:12     | Got a pitted marble ring
 31630 | D:12     | Found Imesois's Antique Armour Boutique.
 31639 | D:12     | Bought a runed cloak for 217 gold pieces
 31985 | D:13     | Found Cahitus's Food Emporium.
 33516 | Lair:6   | Found a staircase to the Slime Pits.
 33582 | Lair:6   | Reached ****** piety under Wu Jian
 33762 | Lair:6   | Noticed Urug
 33797 | Lair:5   | Reached skill level 10 in Short Blades
 33893 | Lair:6   | Killed Urug
 33933 | Lair:6   | Upgraded the game from 0.25-a0-869-g05d4e06 to
                  | 0.25-a0-886-gd7461d2
 34283 | Lair:6   | Found a runed translucent door.
 34325 | Lair:6   | Noticed thesequoiad's ghost (journeyman BaIE)
 34935 | Lair:6   | Reached skill level 15 in Dodging
 35069 | Lair:6   | Reached skill level 16 in Stealth
 35083 | Lair:6   | Got a heavily runed gossamer ring
 35362 | D:6      | Bought a scroll of identify for 22 gold pieces
 35362 | D:6      | Bought a scroll of identify for 22 gold pieces
 35362 | D:6      | Bought a scroll of teleportation for 33 gold pieces
 35364 | D:6      | Identified the ring of Scepticism {rPois rN++ MR- Stlth+}
                  | (You found it on level 6 of the Lair of Beasts)
 35365 | D:6      | Identified the ring "Daercho" {rElec rF+ AC+1 Dex-3 SInv}
                  | (You found it on level 12 of the Dungeon)
 35416 | D:6      | Found a snail-covered altar of Cheibriados.
 35568 | D:4      | Killed Sigmund
 35922 | D:12     | Reached XP level 15. HP: 64/68 MP: 31/31
 35927 | D:12     | Learned a level 3 spell: Tukima's Dance
 36235 | Orc:2    | Entered Level 2 of the Orcish Mines
 38628 | Lair:3   | Found a staircase to the Swamp.
 38644 | Swamp:1  | Entered Level 1 of the Swamp
 38828 | Swamp:1  | Found a snail-covered altar of Cheibriados.
 40613 | Orc:2    | Found a staircase to the Elven Halls.
 41071 | Orc:1    | Reached skill level 1 in Shields
 42424 | Orc:2    | Found Vawukah's Weapon Boutique.
 42424 | Orc:2    | Found Utzakh's Food Boutique.
 42425 | Orc:2    | Found Fejiaggoeng's General Store.
 42699 | Orc:2    | Found Gotet's Weapon Shop.
 43340 | Lair:6   | Got a warped cloak
 43395 | Lair:6   | Identified the +2 cloak "Diamoe" {rC+ Dex+5} (You found it
                  | on level 6 of the Lair of Beasts)
 43683 | Elf:1    | Entered Level 1 of the Elven Halls
 44173 | Elf:1    | Found a frozen archway.
 44181 | IceCv    | Entered an ice cave
 44212 | IceCv    | Upgraded the game from 0.25-a0-886-gd7461d2 to
                  | 0.25-a0-890-g62861fb
 44383 | IceCv    | Reached skill level 17 in Stealth
 44677 | IceCv    | Got a shimmering broad axe
 45289 | IceCv    | Noticed an Ice Fiend
 45676 | IceCv    | Killed an Ice Fiend
 45847 | IceCv    | Identified the Catalogue of the Twisted Snowflakes
 45850 | IceCv    | Got a steaming hat
 45855 | IceCv    | Identified the cursed +0 hat "Giecryal" {rF- rN++ MR+ SInv}
                  | (You found it in an ice cave)
 46489 | Elf:1    | Found a gateway to a bazaar.
 46706 | Elf:1    | Reached XP level 16. HP: 73/73 MP: 34/34
 47105 | Elf:1    | Identified the Papyrus of Creative Conjuration
 47247 | Elf:1    | Reached skill level 5 in Hexes
 47409 | Orc:2    | Learned a level 3 spell: Ozocubu's Armour
 47513 | Orc:2    | Learned a level 3 spell: Frozen Ramparts
 47998 | D:6      | Bought a wand of acid (6) for 300 gold pieces
 47998 | D:6      | Bought a box of beasts for 300 gold pieces
 47998 | D:6      | Bought a wand of digging (5) for 270 gold pieces
 48601 | Elf:1    | Learned a level 3 spell: Mephitic Cloud
 48936 | Elf:1    | Noticed a Tzitzimitl
 49882 | Spider:1 | Entered Level 1 of the Spider Nest
 50205 | Spider:1 | Reached skill level 18 in Stealth
 51003 | Spider:1 | Identified a scroll of acquirement
 51004 | Spider:1 | Identified the +1 double sword "Demonslayer" {flame, +Rage}
                  | (You acquired it on level 1 of the Spider Nest)
 51004 | Spider:1 | Identified the ring of Dooz {+Fly rElec Int+3 Stlth+} (You
                  | acquired it on level 1 of the Spider Nest)
 51004 | Spider:1 | Identified the +1 buckler "Tiepnam" {Regen+ Str+3} (You
                  | acquired it on level 1 of the Spider Nest)
 51831 | Spider:2 | Found the +10 morningstar "Eos" {elec, Halo rElec}
 52841 | Spider:3 | Noticed Jorgrun
 52888 | Spider:3 | Noticed Louise
 52910 | Spider:2 | Upgraded the game from 0.25-a0-890-g62861fb to
                  | 0.25-a0-927-g39f137c
 53095 | Swamp:2  | Reached skill level 15 in Spellcasting
 53277 | Swamp:2  | Noticed Frances
 53315 | Swamp:1  | Killed from afar by Frances

Levels and vault maps discovered:
D:1:      psy_arrival_heroes, layout_basic, minmay_pentomino_v4
D:2:      layout_basic, yredelemnul_forgotten_temple_becter
D:3:      layout_rooms, riverfiend_overflow_shadow_ancestor, first_ration,
          chequers_ecumenical_altar_grove
D:4:      cheibrodos_quashed, layout_basic, uniq_sigmund
D:5:      minmay_angry_zag, layout_basic, zin_statuary, serial_shops,
          nicolae_shop_temple_entry_statues_fountains, uniq_crazy_yiuf_cottage
D:6:      layout_gridville, nicolae_overflow_hidden_temple,
          grunt_temple_overflow_open, serial_shops, shop, shop, shop,
          nicolae_shop_crystal, nicolae_shop_crystal
D:7:      layout_loops_cross, minmay_temple_entry_stoned_glass, basic_altar
D:8:      layout_rooms, blue_anna_alchemist [blue_anna_fruit_fields,
          blue_anna_fruit_fields]
D:9:      layout_cave_pools, grunt_temple_overflow_champion_of_chaos,
          marbit_many_paths, serial_shops, nicolae_shop_stone
D:10:     minmay_cut_squares, layout_long_grid, david_lair_shrubbed
D:11:     layout_loops_ring, david_orc_5, basic_altar
D:12:     layout_stronghold, serial_shops, shop, enter_trove_1,
          nicolae_qazlal_style_of_elements
D:13:     layout_gridville, serial_shops, kennysheep_little_box,
          kennysheep_generic_room_16
Lair:1:   layout_cave_pods, minmay_lair_oklob_chamber
Lair:2:   layout_cave_pods, zaba_antful_of_joy
Lair:3:   layout_layer_cave, nicolae_swamp_entry_splash_gauntlet,
          cheibrodos_lair_lostbears
Lair:4:   layout_gridlike, dummy_spider_entry, lemuel_fruit_tree
Lair:5:   layout_misc_corridors, chequers_serial_rivers_small_a,
          serial_bayou_crossing
Lair:6:   gammafunk_lair_ancient_temple, layout_concentric_octagons,
          dpeg_slime_entry_corner, serial_bayou, serial_bayou_shore_b,
          serial_bayou_lake_a, serial_bayou_lagoon_b, serial_bayou_pond_b,
          ebering_ghost_reflecting_pool, basic_altar, uniq_urug
Swamp:1:  layout_basic_swamp, basic_altar
Swamp:2:  layout_falls_marsh, evilmike_swamp_ruin_house_6, uniq_frances
Spider:1: layout_spider_delve, drop_trap
Spider:2: layout_spider_delve
Spider:3: nicolae_spider_corner, special_room [special_room_bee], uniq_louise,
          uniq_bai_suzhen, uniq_agnes, uniq_jorgrun
Orc:1:    layout_caves, basic_altar, serial_shops, shop
Orc:2:    st_orc_mages, layout_caves
Elf:1:    eino_elf_arrival_shootout, layout_onion_city,
          portal_ice_cave_entry_ice_statue_one, serial_shops, statue_bzr,
          minmay_elf_sorcery

Skill      XL: |  1  2  3  4  5  6  7  8  9 10 11 12 13 14 15 16 |
---------------+-------------------------------------------------+-----
Dodging        | 5 6 7 8 9 10 12 13 14 15 16 | 16.5
Stealth        | 5 6 7 8 10 11 13 14 15 16 17 18 | 18.7
Long Blades    | 2 3 4 5 |  5.0
Fighting       | 2 3 |  3.6
Spellcasting   | 2 4 5 7 8 9 10 11 13 15 | 15.0
Hexes          | 1 2 3 4 5 |  5.1
Slings         | 5 9 12 13 15 | 15.8
Short Blades   | 1 5 8 10 12 13 | 13.2
Transmutations | 2 |  2.3
Shields        | 2 3 |  3.8

Action                   |  1- 3 |  4- 6 |  7- 9 | 10-12 | 13-15 | 16-18 || total
-------------------------+-------+-------+-------+-------+-------+-------++-------
Melee: Falchion          |    68 |   151 |   115 |   194 |       |       ||   528
       Hunting sling     |       |       |       |     6 |     3 |       ||     9
       Rapier            |       |       |       |   288 |  1614 |   501 ||  2403
       Kick              |       |       |       |       |   347 |   127 ||   474
 Fire: Hunting sling     |       |       |   601 |  1563 |   701 |     6 ||  2871
Throw: Dart              |       |       |       |    57 |    71 |     7 ||   135
       Stone             |       |       |       |    10 |     1 |       ||    11
 Cast: Confusing Touch   |       |     2 |       |     8 |     1 |     6 ||    17
       Corona            |       |       |     1 |     6 |     1 |       ||     8
       Ensorcelled Hiber |       |       |       |       |     1 |     2 ||     3
       Poisonous Vapours |       |       |       |       |   113 |   167 ||   280
       Tukima's Dance    |       |       |       |       |    97 |     4 ||   101
       Mephitic Cloud    |       |       |       |       |       |     8 ||     8
       Ozocubu's Armour  |       |       |       |       |       |     2 ||     2
       Frozen Ramparts   |       |       |       |       |       |     2 ||     2
Invok: Whirlwind         |       |       |     2 |    21 |    56 |    47 ||   126
       Lunge             |       |       |     1 |    20 |    88 |    46 ||   155
       Serpent's Lash    |       |       |       |     1 |    10 |    12 ||    23
Evoke: Wand              |       |       |       |    32 |    40 |     4 ||    76
       Phial of floods   |       |       |       |       |     1 |       ||     1
       Box of beasts     |       |       |       |       |       |     1 ||     1
  Use: Scroll            |       |     8 |     4 |    25 |    17 |     6 ||    60
       Potion            |       |     3 |     1 |     6 |     9 |     2 ||    21
 Stab: Sleeping          |    10 |     5 |       |     9 |    51 |    34 ||   109
       Confused          |       |     2 |       |    13 |       |    19 ||    34
       Distracted        |       |       |       |     2 |     9 |       ||    11
       Paralysed         |       |       |       |       |     2 |       ||     2
  Eat: Ration            |       |     2 |     2 |     7 |    10 |     4 ||    25
Armor: Robe              |     5 |    17 |     4 |    11 |       |       ||    37
       Skin              |       |       |       |     3 |       |       ||     3
       Steam dragon scal |       |       |       |    12 |    39 |       ||    51
       Troll leather arm |       |       |       |       |    45 |    40 ||    85
Dodge: Dodged            |    60 |   120 |   178 |   652 |  1233 |   415 ||  2658
       Rpst.: Falchion   |    26 |    46 |    35 |    67 |       |       ||   174

Table legend:
 A = Non-vault XP
 B = Vault XP
 C = Vault XP percentage of total XP
 D = Non-vault monster count
 E = Vault monster count
 F = Vault count percentage of total count
                 A         B        C        D         E       F
            +---------+---------+-------+---------+---------+-------
      Total |  121778 |   47689 |  28.1 |     628 |     229 |  26.7
            +---------+---------+-------+---------+---------+-------
        D:1 |      50 |       3 |   5.7 |      20 |       2 |   9.1
        D:2 |      46 |       1 |   2.1 |      15 |       1 |   6.2
        D:3 |      75 |       0 |   0.0 |      11 |       0 |   0.0
        D:4 |     132 |     238 |  64.3 |       9 |       1 |  10.0
        D:5 |     174 |     135 |  43.7 |       7 |       2 |  22.2
        D:6 |    1910 |       0 |   0.0 |      40 |       0 |   0.0
        D:7 |    2287 |       0 |   0.0 |      43 |       0 |   0.0
        D:8 |    3184 |      95 |   2.9 |      30 |       1 |   3.2
        D:9 |    1693 |     984 |  36.8 |      24 |       2 |   7.7
       D:10 |    3112 |    1876 |  37.6 |      27 |       6 |  18.2
       D:11 |    4709 |     835 |  15.1 |      45 |      23 |  33.8
       D:12 |    1299 |       0 |   0.0 |      15 |       0 |   0.0
       D:13 |    5611 |       0 |   0.0 |      16 |       0 |   0.0
     Lair:1 |    4649 |     862 |  15.6 |      15 |       4 |  21.1
     Lair:2 |    3368 |    3298 |  49.5 |      12 |      37 |  75.5
     Lair:3 |    4286 |    1306 |  23.4 |      20 |       6 |  23.1
     Lair:4 |   11757 |       0 |   0.0 |      41 |       0 |   0.0
     Lair:5 |    5811 |    1566 |  21.2 |      24 |       5 |  17.2
     Lair:6 |    7509 |    9689 |  56.3 |      27 |      24 |  47.1
    Swamp:1 |    4567 |       0 |   0.0 |      18 |       0 |   0.0
    Swamp:2 |    4500 |       0 |   0.0 |      15 |       0 |   0.0
   Spider:1 |   12824 |       0 |   0.0 |      34 |       0 |   0.0
   Spider:2 |   12597 |       0 |   0.0 |      35 |       0 |   0.0
      Orc:1 |    8988 |    1456 |  13.9 |      40 |      10 |  20.0
      Orc:2 |    1169 |    4111 |  77.9 |      18 |      29 |  61.7
      Elf:1 |   15471 |   10086 |  39.5 |      27 |      17 |  38.6
      IceCv |       0 |   11148 | 100.0 |       0 |      59 | 100.0
            +---------+---------+-------+---------+---------+-------
